 Dungeon Crawl Stone Soup version 0.28-a0-1404-g4df0f3684d (webtiles) character file.

Game seed: 7383970443020816013

5473 lonewolfV2 the Cleaver (level 10, -5/90 HPs)
             Began as a Minotaur Fighter on Jan 4, 2022.
             Slain by a gnoll sergeant (7 damage)
             ... on level 9 of the Dungeon on Jan 5, 2022.
             The game lasted 00:29:27 (9802 turns).

lonewolfV2 the Cleaver (Minotaur Fighter)           Turns: 9802, Time: 00:29:27

Health: -5/90      AC:  6    Str: 29    XL:     10   Next: 42%
Magic:  9/9        EV: 16    Int:  5    God:
Gold:   474        SH:  5    Dex: 18    Spells: 9/9 levels left

rFire   . . .      SeeInvis +   B - +6 hand axe of Extremism {vorpal, rPois Will- Str+2 Dex+2}
rCold   + + +      Faith    .   j - orb {*Rage}
rNeg    . . .      Spirit   .   g - +4 skin of Zhor {*Englaciate rC+++ SInv}
rPois   +          Reflect  +   (helmet restricted)
rElec   .          Harm     .   (no cloak)
rCorr   .          Rampage  .   (no gloves)
Will    .....      Rage     21% (no boots)
Stlth   +++.......              s - amulet of reflection
HPRegen 0.25/turn               m - +6 ring of dexterity
MPRegen 0.11/turn               r - ring of willpower

@: on berserk cooldown
A: horns 2, retaliatory headbutt, berserk 1, strong 1
a: no special abilities


You were on level 9 of the Dungeon.
You visited 1 branch of the dungeon, and saw 9 of its levels.

You collected 626 gold pieces.
You spent 152 gold pieces at shops.

Inventory:

Hand Weapons
 l - a +4 short sword
 v - a +7 hand axe
 B - the +6 hand axe of Extremism (weapon) {vorpal, rPois Will- Str+2 Dex+2}
   (You bought it in a shop on level 8 of the Dungeon)

   It inflicts extra damage upon your enemies.
   Str:       It affects your strength (+2).
   Dex:       It affects your dexterity (+2).
   rPois:     It protects you from poison.
   Will:      It decreases your willpower.
Missiles
 w - a throwing net
Armour
 b - a +0 scale mail
 c - a +1 buckler
 g - the +4 skin of Zhor (worn) {*Englaciate rC+++ SInv}
   (You found it on level 1 of the Dungeon)

   It radiates cold, occasionally slowing all nearby creatures who are not
   resistant to cold.
   rC:        It renders you almost immune to cold.
   SInv:      It lets you see invisible.
 i - an orb of light
 j - an orb of wrath (worn)
Jewellery
 m - a +6 ring of dexterity (left hand)
 r - a ring of willpower (right hand)
 s - an amulet of reflection (around neck)
 t - a ring of flight
Wands
 z - a wand of iceblast (6) (quivered)
 A - a wand of digging (2)
Scrolls
 e - 3 scrolls of immolation
 k - 4 scrolls of enchant weapon
 n - a scroll of holy word
 o - 3 scrolls of fog
 u - a scroll of noise
 y - a scroll of enchant armour
Potions
 h - 2 potions of degeneration
 p - a potion of mutation
 C - a potion of brilliance


   Skills:
 + Level 8.7 Fighting
 + Level 4.0 Short Blades
 + Level 11.8 Axes
 + Level 4.3 Armour
 + Level 7.1 Dodging
 + Level 4.0 Stealth
 + Level 6.5 Shields


You had 9 spell levels left.
You didn't know any spells.
Your spell library contained the following spells:

 Spells                   Type           Power      Damage    Failure   Level
 Animate Skeleton         Necr           0%         N/A       47%         1
 Apportation              Tloc           0%         N/A       47%         1
 Summon Small Mammal      Summ           0%         N/A       47%         1
 Corpse Rot               Necr/Air       0%         N/A       63%         2
 Poisonous Vapours        Pois/Air       0%         N/A       63%         2
 Summon Guardian Golem    Hex/Summ       0%         N/A       85%         3
 Tukima's Dance           Hex            0%         N/A       85%         3
 Passage of Golubria      Tloc           0%         N/A       99%         4
 Yara's Violent Unravell  Hex/Tmut       0%         3d3       100%        5
 Orb of Destruction       Conj           0%         N/A       100%        7
 Spellforged Servitor     Conj/Summ      0%         N/A       100%        7


Dungeon Overview and Level Annotations

Branches:
Dungeon (9/15)             Temple (0/1) D:5
   Lair: D:8-11         Orc: D:9-12

Altars:
Dithmenos
Uskayaw
Vehumet

Shops:
D:1 :   D:2 :   D:5 (   D:8 [?(?

Portals:
Sewer: D:3


Innate Abilities, Weirdness & Mutations

You have a pair of horns on your head.
You reflexively headbutt those who attack you in melee.
You tend to lose your temper in combat.
Your muscles are strong. (Str +2)


Message History

The centaur hits you but does no damage.
The centaur barely misses you. You block the orc's attack.
You barely miss the orc. You headbutt the orc.
You kill the orc!
You hit the centaur.
You radiate an aura of cold.
The centaur seems to slow down.
The gnoll seems to slow down. x3
The steam dragon seems to slow down.
The orc seems to slow down.
The gnoll sergeant seems to slow down.
The centaur barely misses you. You furiously retaliate!
You headbutt the centaur!
You kill the centaur!
You slash the gnoll!
The gnoll is almost dead.
You slash the gnoll! The gnoll closely misses you. You furiously retaliate!
You headbutt the gnoll!
You kill the gnoll!
The gnoll sergeant barely misses you. The gnoll misses you.
You furiously retaliate!
You headbutt the gnoll!
You kill the gnoll!
The gnoll sergeant hits you with a +0 trident.
* * * LOW HITPOINT WARNING * * *
Items here: )))) ? [[ †.
You slash the orc priest!
The orc priest is heavily wounded.
You closely miss the gnoll sergeant. The orc priest completely misses you.
The gnoll sergeant hits you with a +0 trident!
* * * LOW HITPOINT WARNING * * *
You barely miss the orc priest.
The orc priest is heavily wounded.
You slash the gnoll sergeant! The orc priest barely misses you.
Okay, then.
Okay, then.
You hit the orc priest but do no damage.
The orc priest is heavily wounded.
You hit the gnoll sergeant. The gnoll sergeant misses you.
You slash the orc priest!
You kill the orc priest!
You hit the gnoll sergeant but do no damage.
You feel yourself speed up.
The gnoll sergeant hits you with a +0 trident!
You die...

#.# #.#
#.# #.#
#.# #.# #
#)# #.#)#
#og@#
......g##
......D
.......
.....$.
.#.>...
#.....
#.....


You could see a steam dragon (slow), a gnoll sergeant (slow), a gnoll (slow) and
an orc (slow).

Vanquished Creatures
  A boulder beetle (D:7)
  A two-headed ogre (D:6)
  Pikel (D:8)
  A hornet (D:4)
  4 steam dragons
  A water moccasin (D:6)
  3 orc warriors
  A black bear (D:5)
  3 centaurs
  4 ogres
  2 lemures (D:8)
  A phantom (D:4)
  4 bullfrogs
  A kobold brigand (D:4)
  A gnoll sergeant (D:8)
  A wyvern zombie (D:8)
  3 scorpions
  A water moccasin skeleton (D:6)
  3 killer bees (D:9)
  7 wights
  A bullfrog zombie (D:6)
  2 centaur zombies
  3 hounds
  A centaur skeleton (D:6)
  A jelly (D:6)
  A gnoll shaman (D:5)
  2 orc priests
  A bullfrog skeleton (D:6)
  An iguana (D:5)
  7 orc wizards
  A killer bee zombie (D:6)
  3 hound skeletons
  14 gnolls
  9 adders
  2 shadow imps (D:7)
  3 white imps
  An ufetubus (D:7)
  2 worms
  A dart slug (D:3)
  28 orcs
  7 ball pythons
  6 endoplasms
  7 giant cockroaches
  8 goblins
  7 hobgoblins
  9 kobolds
  2 quokkas
  3 bats (D:3)
  6 frilled lizards
  6 rats
189 creatures vanquished.

Vanquished Creatures (others)
  An adder (D:6)
  An orc (D:6)
  2 plants (D:8)
4 creatures vanquished.

Grand Total: 193 creatures vanquished

Notes
Turn   | Place    | Note
-------+----------+-------------------------------------------
     0 | D:1      | lonewolfV2 the Minotaur Fighter began the quest for the
                  | Orb.
     0 | D:1      | Reached XP level 1. HP: 19/19 MP: 0/0
    88 | D:1      | Reached XP level 2. HP: 27/27 MP: 1/1
   258 | D:1      | Found Xapletz's Book Emporium.
   383 | D:1      | Found a faded altar of an unknown god.
   404 | D:1      | Found the +4 skin of Zhor {*Englaciate rC+++ SInv}
  1194 | D:2      | Noticed an ogre
  1198 | D:2      | Reached skill level 3 in Axes
  1198 | D:2      | Reached XP level 3. HP: 28/33 MP: 2/2
  1208 | D:2      | Killed an ogre
  1209 | D:2      | Reached skill level 4 in Axes
  1209 | D:2      | Reached XP level 4. HP: 6/41 MP: 3/3
  1592 | D:2      | Reached XP level 5. HP: 45/47 MP: 4/4
  1777 | D:2      | Found Ponunuv's Book Shoppe.
  1866 | D:2      | Reached skill level 1 in Dodging
  2207 | D:3      | Found a glowing drain.
  2638 | D:3      | Found a hide-covered altar of Uskayaw.
  2643 | D:3      | Found a radiant altar of Vehumet.
  3235 | D:4      | Reached skill level 5 in Axes
  3354 | D:4      | Reached XP level 6. HP: 49/53 MP: 5/5
  3509 | D:4      | Reached skill level 5 in Fighting
  3509 | D:4      | Reached skill level 6 in Axes
  3881 | D:4      | Reached skill level 1 in Stealth
  3881 | D:4      | Reached XP level 7. HP: 55/61 MP: 6/6
  4070 | D:4      | Noticed a hornet
  4079 | D:4      | Paralysed by a hornet for 3 turns
  4083 | D:4      | Killed a hornet
  4084 | D:4      | Reached skill level 7 in Axes
  4086 | D:4      | HP: 3/62 [poisoned by a hornet]
  4779 | D:5      | Entered Level 5 of the Dungeon
  4787 | D:5      | Found a shadowy altar of Dithmenos.
  4834 | D:5      | Found a staircase to the Ecumenical Temple.
  4859 | D:5      | Found Halocoah's Antique Weapon Emporium.
  5237 | D:5      | Reached skill level 8 in Axes
  5276 | D:5      | Reached XP level 8. HP: 64/70 MP: 7/7
  6201 | D:6      | Reached skill level 9 in Axes
  6201 | D:6      | Reached skill level 5 in Shields
  6614 | D:6      | Reached skill level 1 in Short Blades
  7270 | D:6      | Noticed a two-headed ogre
  7279 | D:6      | Killed a two-headed ogre
  7280 | D:6      | Reached skill level 5 in Dodging
  7280 | D:6      | Reached XP level 9. HP: 41/79 MP: 8/8
  7597 | D:6      | Reached skill level 10 in Axes
  8070 | D:7      | Noticed a boulder beetle
  8078 | D:7      | Killed a boulder beetle
  8950 | D:8      | Reached XP level 10. HP: 86/86 MP: 9/9
  8950 | D:8      | Found Feisaps's Magic Scroll Boutique.
  9006 | D:8      | Reached skill level 11 in Axes
  9047 | D:8      | Found Miew's Antique Weapon Shop.
  9354 | D:8      | Bought a shimmering hand axe for 152 gold pieces
  9354 | D:8      | Identified the +6 hand axe of Extremism {vorpal, rPois
                  | Will- Str+2 Dex+2} (You bought it in a shop on level 8 of
                  | the Dungeon)
  9361 | D:8      | Noticed Pikel
  9375 | D:8      | Killed Pikel
  9402 | D:8      | Upgraded the game from 0.28-a0-1395-g4f6bc678fa to
                  | 0.28-a0-1404-g4df0f3684d
  9466 | D:8      | Found Lekagai's Antique Armour Emporium.
  9545 | D:8      | Found Vuila's Magic Scroll Shoppe.
  9788 | D:9      | HP: 2/90 [killer bee (4)]
  9790 | D:9      | Gained mutation: You tend to lose your temper in combat.
                  | [potion of mutation]
  9790 | D:9      | Gained mutation: Your muscles are strong. (Str +2) [potion
                  | of mutation]
  9799 | D:9      | HP: 1/90 [gnoll sergeant (10)]
  9802 | D:9      | Slain by a gnoll sergeant

Illustrated notes

Levels and vault maps discovered:
D:1:      minmay_arrival_four_loops, layout_basic, serial_shops,
          nicolae_shop_trees, dreamdust_ecumenical_altar_statues,
          chequers_decorated_corner, roderic_roman_lattice, dk_noncrumbling_3
D:2:      layout_basic, serial_shops, nicolae_diamond_shop, fountainhead,
          kennysheep_minor_cross, minmay_pentomino_o2
D:3:      layout_basic, mainiacjoe_overflow_big_doors, portal_sewer_entry_a,
          minmay_diced_spiral
D:4:      layout_loops_corners, kennysheep_generic_room_5
D:5:      layout_loops_ring, nicolae_dithmenos_shadow_blocks,
          minmay_temple_entry_wispy, serial_shops, shop
D:6:      layout_layer_cave, chequers_serial_rivers_micro_e,
          hangedman_decor_riveting, minmay_joined_circles
D:7:      layout_loops_ring
D:8:      layout_rooms, serial_shops, shop, nicolae_shop_stone,
          nicolae_take_the_stairs, nicolae_shop_overgrown_old_shop,
          serial_park_tiny_1, chequers_serial_rivers_micro_a, uniq_pikel
D:9:      layout_basic, minmay_misc_feat_roman

Skill      XL: |  1  2  3  4  5  6  7  8  9 10 |
---------------+-------------------------------+-----
Fighting       | 4 5 7 8 |  8.7
Shields        | 4 5 6 |  6.5
Armour         | 4 |  4.3
Axes           | 3 4 5 6 8 9 10 11 | 11.8
Dodging        | 1 2 3 5 6 7 |  7.1
Stealth        | 1 2 3 4 |  4.0
Short Blades   | 2 4 |  4.0

Action                   |  1- 3 |  4- 6 |  7- 9 | 10-12 || total
-------------------------+-------+-------+-------+-------++-------
Melee: War axe           |    48 |   143 |    56 |       ||   247
       Headbutt          |     7 |    15 |    43 |    14 ||    79
       Short sword       |       |       |    45 |       ||    45
       Hand axe          |       |       |    67 |    67 ||   134
  Use: Potion            |     2 |       |     2 |     7 ||    11
       Scroll            |       |     3 |     8 |     6 ||    17
 Stab: Sleeping          |       |       |     4 |       ||     4
       Distracted        |       |       |       |     1 ||     1
Armor: Scale mail        |     8 |       |       |       ||     8
       Animal skin       |    13 |    52 |    38 |    12 ||   115
Dodge: Dodged            |    17 |    79 |   105 |    65 ||   266
Block: Buckler           |     6 |     6 |       |       ||    12
       Orb               |       |       |    34 |    21 ||    55
       Reflection        |       |       |     3 |     1 ||     4

Table legend: (Time is in decaauts)
 A = Elapsed time spent in this place.
 B = Non-inter-level travel time spent in this place.
 C = Inter-level travel time spent in this place.
 D = Time resting spent in this place.
 E = Time spent auto-exploring this place.
 F = Levels seen in this place.
 G = Mean time per level.
                   A        B        C        D        E       F      G
               +--------+--------+--------+--------+--------+-----+--------+
         Total |  10091 |   9862 |    229 |   2056 |   6135 |   9 | 1121.2 |
       Dungeon |  10091 |   9862 |    229 |   2056 |   6135 |   9 | 1121.2 |
               +--------+--------+--------+--------+--------+-----+--------+

Top non-repeatable levels by time:
     D:6: 2360 daAuts
     D:4: 1997 daAuts
     D:1: 1204 daAuts
     D:7: 1082 daAuts
     D:2: 1030 daAuts
     D:8: 831 daAuts
     D:5: 820 daAuts
     D:3: 700 daAuts
     D:9: 64 daAuts
